Cogmind - Beta 16.1 @@@ ROGUE MODE // 2026.03.07 @ 20:42:09 Player: OniAn Result: Destroyed by Y-45 Defender with Heavy Assault Rifle Performance ------------- Evolutions (0) 0 Regions Visited (2) 400 Robots Destroyed (16) 80 Value Destroyed (560) 560 Prototype IDs (0) 0 Alien Tech Used (0) 0 Bonus (0) 0 TOTAL SCORE: 1040 Bonus ------- None Cogmind --------- Core Integrity 0/250 Matter 255/300 Energy 42/100 System Corruption 0% Temperature Cool (10) Movement Walking (120) Location -10/Mines Parts ------- > --- POWER (1) -------- (None) > --- PROPULSION (2) --- Aluminum Leg > --- UTILITY (2) ------ Improved Heat Sink Small Storage Unit > --- WEAPON (2) ------- Grenade Launcher > --- INVENTORY (8) ---- Ion Engine Visual Processing Unit Sensor Array Welding Torch Peak State ------------ > --- POWER ------------ Light Nuclear Core > --- PROPULSION ------- Wheel Compact Wheel > --- UTILITY ---------- Improved Heat Sink Small Storage Unit > --- WEAPON ----------- Light Assault Rifle Light Assault Rifle > --- INVENTORY -------- Ion Engine Sensor Array EM Pulse Gun Grenade Launcher Welding Torch [Rating: 11] Favorites ----------- Power Light Nuclear Core Engine Ion Engine Power Core Light Nuclear Core Propulsion Compact Wheel Leg Aluminum Leg Wheel Compact Wheel Utility Small Storage Unit Device Improved Heat Sink Storage Small Storage Unit Weapon Light Assault Rifle Energy Gun EM Pulse Gun Ballistic Gun Light Assault Rifle Ballistic Cannon Light Cannon Launcher Grenade Launcher Special Weapon Welding Torch Build | -11 -10 -10 ------- Run | Yrd Mat Min Slots Evolved . | . . . Power . | . . . Propulsion . | . . . Utility . | . . . Weapon . | . . . Parts Attached 14 | 6 5 3 Power 2 | 1 1 . Engine 1 | 1 . . Core 1 | . 1 . Reactor . | . . . Propulsion 4 | 2 1 1 Treads . | . . . Leg 1 | . . 1 Wheel 3 | 2 1 . Hover . | . . . Flight . | . . . Utility 2 | 1 1 . Device 1 | . 1 . Storage 1 | 1 . . Processor . | . . . Hackware . | . . . Protection . | . . . Artifact . | . . . Weapon 6 | 2 2 2 Energy Gun 1 | . . 1 Energy Cannon . | . . . Ballistic Gun 2 | 2 . . Ballistic Cannon 1 | . 1 . Launcher 1 | . 1 . Special Weapon 1 | . . 1 Impact Weapon . | . . . Slashing Weapon . | . . . Piercing Weapon . | . . . Special Melee Weapon . | . . . Unidentified Prototypes . | . . . Parts Lost 6 | . 1 5 Power 1 | . . 1 Propulsion 2 | . 1 1 Utility . | . . . Weapon 3 | . . 3 Highest Loss Streak 2 | . 1 2 To Critical Strikes . | . . . Average Backups 5 | . 4 5 Power . | . . 1 Propulsion . | . . . Utility 1 | . . 2 Weapon 1 | . 1 2 Tool/Special . | . . . Unused Backups 2 | . . 2 Power . | . . . Propulsion . | . . . Utility 2 | . . 2 Weapon . | . . . Tool/Special . | . . . Average Slot Usage (%) 87 | . 90 85 Engine 2 | . 7 . Core 8 | . 7 9 Leg 4 | . . 6 Wheel 18 | . 26 13 Device 11 | . 6 14 Storage 14 | . 14 14 Energy Gun 1 | . . 1 Ballistic Gun 15 | . 22 10 Ballistic Cannon 9 | . 5 12 Special Weapon 1 | . . 2 Peak Build Rating 11 | 6 11 11 Average Rating 8 | 4 8 9 On Entrance 5 | . 6 11 Avg Prop Armor Cover (%) 5 | . . 5 Naked Turns . | . . . Heaviest Build 15 | 12 15 15 Greatest Support 26 | 26 26 26 Greatest Overweight (x) 1 | . . 1 Average Overweight (x) . | . . . Largest Inventory Capacity 8 | 8 8 8 Average Capacity 7 | 7 8 8 Most Carried 7 | . 6 7 Average Carried 5 | . 4 5 Final Capacity 8 | 8 8 8 Final Carried 6 | . 6 4 Class Distribution -------------------- 100% | Mutant Dominant Class ---------------- Mutant | -10/Materials Mutant | -10/Mines Resources | -11 -10 -10 ----------- Run | Yrd Mat Min Matter Collected 663 | 172 90 401 Remotely . | . . . Salvage Created 481 | . 241 240 Parts 29 | . 17 12 Haulers Intercepted . | . . . Recyclers Shooed 3 | . 3 . Parts Field Recycled . | . . . Retrieved Matter . | . . . Parts Self-Destructed . | . . . Prevented . | . . . Parts Restored . | . . . Kills | -11 -10 -10 ------- Run | Yrd Mat Min Combat Hostiles Destroyed 14 | . 7 7 Guns 4 | . 3 1 Cannons 6 | . 1 5 AOE 4 | . 3 1 Classes Destroyed 4 | . 3 1 Builder 1 | . 1 . Watcher 1 | . 1 . Grunt 13 | . 7 6 Sentry 1 | . . 1 Best Kill Streak 7 | . 7 2 Combat Bots Only 6 | . 6 2 Max Kills in Single Turn 2 | . 2 1 Gunslinging . | . . . Exploded 2 | . 2 1 Melee . | . . . Uniques/NPCs Destroyed . | . . . Combat | -11 -10 -10 -------- Run | Yrd Mat Min Hostile Shots Fired 105 | . 39 66 Missed 38 | . 13 25 Hits 67 | . 26 41 Projectile 67 | . 26 41 Critical Strikes 1 | . . 1 Damage Taken 898 | . 356 542 Core 262 | . 127 135 Absorbed by Shields . | . . . Core Remaining (%) 100 | 100 . . Volleys Fired 93 | . 26 67 Largest 2 | . 2 2 Hottest 50 | . 50 50 Shots Fired 172 | . 52 120 Gun 75 | . 43 32 Cannon 60 | . 6 54 Launcher 6 | . 3 3 Special 31 | . . 31 Kinetic 127 | . 49 78 Thermal 31 | . . 31 Explosive 6 | . 3 3 Electromagnetic 8 | . . 8 Robot Hit Streak 12 | . 7 12 Robot Miss Streak 3 | . 3 3 Penetration Max . | . . . Secondary Targets . | . . . Shots Hit Robots 71 | . 28 43 Core Hits 39 | . 25 14 Critical Kills . | . . . Critical Parts Destroyed 1 | . . 1 Critical Strikes 2 | . . 2 Destroy 1 | . . 1 Blast 1 | . . 1 Melee Attacks . | . . . Impact . | . . . Slashing . | . . . Piercing . | . . . Sneak Attacks . | . . . Combat Hostiles . | . . . Follow-up Attacks . | . . . Damage Inflicted 1281 | . 687 594 Guns 396 | . 202 194 Cannons 377 | . 51 326 Explosions 505 | . 434 71 Melee . | . . . Ramming . | . . . Kinetic 710 | . 253 457 Thermal 3 | . . 3 Explosive 505 | . 434 71 Electromagnetic 63 | . . 63 Impact . | . . . Slashing . | . . . Piercing . | . . . Highest Corruption . | . . . Average Corruption . | . . . Corruption Purged . | . . . Corruption Blocked . | . . . Overload Shots . | . . . Overflow Damage . | . . . Projectiles . | . . . Explosions . | . . . Melee . | . . . Knockbacks 1 | . . 1 Impact . | . . . Kinetic 1 | . . 1 Secondary . | . . . Self-Inflicted Damage 4 | . . 4 Shots 1 | . . 1 Rammed . | . . . Targets Rammed . | . . . Kicked . | . . . Crushed . | . . . Highest Temperature 42 | . 42 2 Average Temperature 13 | . 14 1 Received Heat Transfer 420 | . 204 216 Siege Activations . | . . . Martial Activations . | . . . Shielding Activations . | . . . Robots Disrupted . | . . . Combat Hostiles . | . . . Robots Corrupted . | . . . Combat Hostiles . | . . . Parts Fried . | . . . Impact Corruptions . | . . . Robots Melted . | . . . Combat Hostiles . | . . . Parts Melted . | . . . Heat Transferred 25 | . . 25 Parts Sabotaged . | . . . Parts Stolen . | . . . Parts Stripped . | . . . Power Chain Reactions . | . . . Alert | -11 -10 -10 ------- Run | Yrd Mat Min Maximum Alert Level . | . . . Low Security (%) 100 | 100 100 100 Level 1 . | . . . Level 2 . | . . . Level 3 . | . . . Level 4 . | . . . Level 5 . | . . . High Security . | . . . Max Security . | . . . Peak Influence 163 | . 163 50 Initial 21 | . . 21 Average 27 | . 61 5 Influence Increases 386 | . 215 171 Destroy 0b10 Robot/C 280 | . 140 140 Destroy 0b10 Robot/NC 10 | . 10 . Destroy Leader 52 | . 42 10 Successful Hack 5 | . 5 . Destroy Structure 39 | . 18 21 Influence Decreases 345 | . 159 186 Entered New Map 35 | . . 35 Time Decay 300 | . 159 141 Lost Part 10 | . . 10 Squads Dispatched 1 | . 1 . Investigation . | . . . Extermination . | . . . Reinforcement 1 | . 1 . Assault . | . . . Garrison . | . . . Intercept . | . . . Searches Triggered . | . . . Construction Impeded . | . . . Haulers Reinforced . | . . . Active Scanning Responses . | . . . Cargo Convoy Interrupts . | . . . Stealth | -11 -10 -10 --------- Run | Yrd Mat Min Distress Signals 2 | . 1 1 Communications Jammed . | . . . Distress Signals . | . . . Times Spotted 21 | . 12 9 Peak Tracking Total 7 | . 7 2 Tactical Retreats . | . . . Traps | -11 -10 -10 ------- Run | Yrd Mat Min Traps Triggered . | . . . Indirectly . | . . . Trap Hack Attempts . | . . . Triggered . | . . . Disarmed . | . . . Reprogrammed . | . . . Reused . | . . . Traps Extracted . | . . . Installed . | . . . Triggered . | . . . Machines | -11 -10 -10 ---------- Run | Yrd Mat Min Machines Disabled . | . . . Max in Single Turn . | . . . Machines Repaired . | . . . Machines Dismantled . | . . . Machines Sabotaged . | . . . Overloaded Fab Kills . | . . . Hacking | -11 -10 -10 --------- Run | Yrd Mat Min Machines Accessed 2 | . 2 . Terminals 2 | . 2 . Fabricators . | . . . Repair Stations . | . . . Recycling Units . | . . . Scanalyzers . | . . . Garrison Access . | . . . Total Hacks 4 | . 4 . Successful 1 | . 1 . Failed 3 | . 3 . Catastrophic . | . . . Database Lockouts . | . . . Manual 3 | . 3 . Terminals 4 | . 4 . Fabricators . | . . . Repair Stations . | . . . Recycling Units . | . . . Scanalyzers . | . . . Garrison Access . | . . . Terminal Hacks . | . . . Fabricator Hacks . | . . . Repair Station Hacks . | . . . Recycling Unit Hacks . | . . . Scanalyzer . | . . . Garrison Access Hacks . | . . . Unauthorized Hacks 1 | . 1 . Terminals 1 | . 1 . Botnet 1 | . 1 . Fabricators . | . . . Repair Stations . | . . . Recycling Units . | . . . Scanalyzers . | . . . Garrison Access . | . . . Data Cores Recovered . | . . . Used . | . . . Hacking Detections 2 | . 2 . Full Trace Events . | . . . Feedback Events . | . . . Feedback Blocked . | . . . Robot Schematics Acquired . | . . . Robots Built . | . . . Authchips . | . . . Time . | . . . Total Robot Build Rating . | . . . Part Schematics Acquired . | . . . Parts Built . | . . . Authchips . | . . . Time . | . . . Total Part Build Rating . | . . . Part Studies Acquired . | . . . Parts Repaired . | . . . Time . | . . . Parts Recycled . | . . . Recycled Matter . | . . . Retrieved Matter . | . . . Retrieved Components . | . . . Parts Scanalyzed . | . . . Part Schematics Acquired . | . . . Parts Damaged . | . . . Bothacking | -11 -10 -10 ------------ Run | Yrd Mat Min Used RIF Installer . | . . . Robots Hacked . | . . . Non-combat . | . . . Combat . | . . . Robot Hacks Applied . | . . . Relay Couplers Released . | . . . Fabnet Peak Effective % . | . . . Robots Rewired . | . . . Allies Hacked . | . . . Hacks Repelled . | . . . Allies | -11 -10 -10 -------- Run | Yrd Mat Min Total Allies . | . . . Largest Group . | . . . Highest-Rated Group . | . . . Highest-Rated Ally . | . . . Total Orders . | . . . Ally Attacks . | . . . Total Damage . | . . . Kills . | . . . Allies Corrupted . | . . . Allies Melted . | . . . Intel | -11 -10 -10 ------- Run | Yrd Mat Min Active Infowar (turns) . | . . . Robot Analysis Total . | . . . Derelict Logs Recovered 1 | . . 1 Drone Launches . | . . . Drone Recoveries . | . . . Exploration | -11 -10 -10 ------------- Run | Yrd Mat Min Turns Passed 1628 | 54 648 926 Spaces Moved 1240 | 53 545 642 Core 4 | 4 . . Treads . | . . . Legs 302 | . . 302 Wheels 934 | 49 545 340 Hover . | . . . Flight . | . . . Fastest Speed 50 | 50 90 90 Average Speed 101 | 86 90 111 Slowest Speed 190 | 90 100 190 Overloaded Moves . | . . . Propulsion Burnouts . | . . . Robots Hopped . | . . . Potential Cave-ins . | . . . Cave-ins Triggered . | . . . Exploration Rate (%) 45 | 3 57 77 Regions Visited 2 Branch Regions 1 Pre-discovered Areas 1 | . . 1 Known Exits Taken . | . . . Unknown Exits Taken 2 | 1 1 . Scrap Searched 1 | . . 1 Spaces Dug . | . . . Terrain Destroyed 42 | . 16 26 Melee . | . . . Projectile . | . . . AOE 42 | . 16 26 Terrain Rammed . | . . . Walls Destroyed . | . . . Machines Disabled . | . . . Actions | -11 -10 -10 --------- Run | Yrd Mat Min Total 1439 | 58 651 730 Wait 83 | . 69 14 Move 1238 | 52 544 642 Hop . | . . . Pick Up 6 | . 6 . Fast Attach 8 | 6 1 1 Attach 3 | . 1 2 Detach 1 | . . 1 Swap 6 | . 4 2 Drop 1 | . . 1 Fire 93 | . 26 67 Melee . | . . . Ram . | . . . Kick . | . . . Crush . | . . . Escape Stasis . | . . . Rewire . | . . . Trap . | . . . Miscellaneous . | . . . Route ------- -11/Scrapyard -10/Materials (discovered 2 exits: [*Mat] / [*Min]) -10/Mines (discovered 3 exits: [*Mat x2] / [*Sub]) History --------- Turn | Location | Event 14 | -11/Scrapyard | Discovered new exit (range 16) 55 | -11/Scrapyard | Entered Materials 303 | -10/Materials | Build established: Mutant 464 | -10/Materials | Discovered new exit (range 7) 502 | -10/Materials | Core integrity fell below 50% 530 | -10/Materials | Discovered new exit (range 7) 703 | -10/Materials | Entered Mines 872 | -10/Mines | Excavation squad dispatched 872 | -10/Mines | A large section of the Mines collapsed 1186 | -10/Mines | Discovered new exit (range 6) 1402 | -10/Mines | Learned location of Recycling (-8) 1413 | -10/Mines | Discovered new exit (range 8) 1545 | -10/Mines | Core integrity fell below 20% 1589 | -10/Mines | Discovered new exit (range 7) 1629 | -10/Mines | Destroyed by Y-45 Defender with Heavy Assault Rifle Last Messages --------------- 01362_ Acquired 29 matter. 01363_ Acquired 15 matter. 01402_ Acquired derelict log, extracted data. World map updated: -8/Recycling. 01413_ EXIT=FOUND 01463_ T-07 Excavator destroyed. 01500_ Lgt. Assault Rifle destroyed. 01504_ Lgt. Cannon destroyed. 01504_ Critical hit (Burn: +37). 01578_ U-05 Engineer lays Concrete. 01589_ EXIT=FOUND 01590_ U-05 Engineer lays Concrete. 01596_ U-05 Engineer builds a Wall. 01608_ U-05 Engineer lays Concrete. 01611_ U-05 Engineer builds a Wall. 01622_ EM Pulse Gun destroyed. 01624_ U-05 Engineer lays Concrete. 01625_ U-05 Engineer builds a Wall. 01625_ Y-45 Defender destroyed. 01628_ The unstable cave ceiling collapses. Map ----- +----------------------------------------------------+ | ???????##### #????????## | | ???????# #????????# | | ???????# #####???????## | | ???##### #####??????## | | ???# #?????## | | ???# #?????# ## | | ???# """ #????## #### ### | | ???# """ #???## ##??# #?? | | ???# """ #??## ##???# #? | | ???# < #?## ##???# #? | | ???# #?# ##??# # | | ???# #?# #??# | | ???###########?# #?? | | ???????????????## # ##?? | | ????????????????#### #####???? | | ???????????????????# #????????? ???? | | ???????????????????# #??????????????? | | ???????????????????# #??????????????? | | ???????????####????# #??????????????? | | ??????????## ##???# #??????????????? | | ??????????# #???# #??????????????? | | ??????????# ##??# #??????????????? | | ?????##???# ##?# #?????????????? | | ????##<##### ## ##????????????? | | ????# ## #????????????? | | ????# @ Y# #????????????? | | ????# # !%* #?????????????? | | ????# u ##### = #?????????????? | | ????#######????# ##?????????????? | | ????????????????#######??????????????? | | ?????????????????????????????????????? | | ?????????????????????????????????????? | | ?????????????????????????????????????? | | ?????????????????????????????????????? | | | | | | | | | | | | | | | | | | | | | | | | | | | | | | | | | +----------------------------------------------------+ Best States ------------- Heat Dissipation 39 Energy Generation 14 Energy Capacity 250 Matter Stores 300 Matter Capacity 300 Sight Range 16 Terrain Scan Density 10 Evasion (%) 55 Item Schematics ----------------- None Robot Schematics ------------------ None Fabricated ------------ Nothing Repaired ---------- Nothing Studied --------- None Alien Tech Used ----------------- None Achievements -------------- None Challenges ------------ None Game ------ Seed ExplosivePointyMeganuke Manual? 0 Play Time 00:15:48 Cumulative 48.5 hours Start 2026.03.07 @ 20:32:03 End 2026.03.07 @ 20:42:09 Sessions 1 Manual Loads 0 Difficulty Rogue Special Mode None Game No. 65 Rogue 41 Adventurer 24 Explorer 0 Win Type - Total 0 Types 0/0/0/0/0/0/0/0/0/0 Lore% 33 Gallery% 29 Achievement% 23 Wizard Run 0 Options --------- Layout 1 ASCII 0 Keyboard 1 Movement Arrows Keybinds 0 Fullscreen 1 Font 24/Smallcaps Map View 50x35 Zoom Use 0% Tactical HUD 1 Map Filters NONE Filters NONE Steam 1 RUN: f9b09f0e-30e2-42e4-84bf-101e1c94108d